 Dungeon Crawl Stone Soup version 0.18.1-6-gd335043 (webtiles) character file.

308 Chemotherapy the Insei (level 6, -1/47 HPs)
             Began as a Demonspawn Monk on May 18, 2016.
             Slain by Purgy (8 damage)
             ... on level 4 of the Dungeon.
             The game lasted 00:07:30 (3780 turns).

Chemotherapy the Insei (Demonspawn Monk)            Turns: 3780, Time: 00:07:31

Health: -1/47      AC:  3    Str: 13    XL:     6   Next: 17%
Magic:  8/8        EV: 13    Int: 11    God:
Gold:   105        SH:  0    Dex: 16    Spells: 0 memorised, 5 levels left

rFire  . . .     SeeInvis .       - Unarmed
rCold  + . .     Gourm    .     n - +0 leather armour {rN+}
rNeg   + . .     Faith    .     (no shield)
rPois  +         Spirit   .     (helmet restricted)
rElec  .         Dismiss  .     (no cloak)
rCorr  .         Reflect  .     (no gloves)
SustAt .         Harm     .     (no boots)
MR     .....                    m - amulet of rage {+Rage, !d}
Stlth  ++........               p - ring of protection from cold {rC+, !d}
                                h - ring of poison resistance {rPois, !d}

@: about to teleport, not resistant to hostile enchantments, unstealthy
A: horns 2
a: Evoke Berserk Rage


You were on level 4 of the Dungeon.
You were not hungry.

You visited 1 branch of the dungeon, and saw 4 of its levels.

You collected 105 gold pieces.

Inventory:

Armour
 a - a +0 robe
 n - a +0 leather armour of positive energy (worn)
   (You found it on level 1 of the Dungeon)
Jewellery
 h - a ring of poison resistance (left hand) {rPois, !d}
   (You found it on level 1 of the Dungeon)
 m - an amulet of rage (around neck) {+Rage, !d}
   (You found it on level 1 of the Dungeon)
 p - a ring of protection from cold (right hand) {rC+, !d}
   (You found it on level 2 of the Dungeon)
 s - an uncursed amulet of faith {unknown}
   (You found it on level 3 of the Dungeon)
Scrolls
 d - a scroll of teleportation
 e - a scroll of immolation {unknown}
 g - a scroll of noise {unknown}
 i - 3 scrolls of identify
 k - a scroll of fog {unknown}
 l - 2 scrolls of magic mapping {!r}
 q - a scroll of amnesia {unknown}
 r - a scroll of random uselessness {unknown}
 u - a scroll of blinking {unknown}
 y - 2 scrolls of remove curse {unknown}
 z - a scroll of recharging {unknown}
Potions
 c - 3 potions of curing
 f - a potion of cure mutation {!q}
 o - a potion of resistance
Books
 x - a book of Ice
   (You found it on level 3 of the Dungeon)
Comestibles
 b - 2 bread rations {@e1}
 j - 7 fruits
 t - a meat ration {@e2}
 v - 7 chunks of flesh {@w0}


   Skills:
 + Level 3.3 Fighting
 + Level 2.9 Dodging
 - Level 1.7 Stealth
 * Level 5.5 Unarmed Combat
 + Level 3.6 Evocations


You had 5 spell levels left.
You didn't know any spells.

Dungeon Overview and Level Annotations

Branches:
Dungeon (4/15)
 Temple: D:4-7

Altars:
Fedhas

Annotations:
D:4 Menkaure, Purgy


Innate Abilities, Weirdness & Mutations

You have a pair of horns on your head.


Message History

You closely miss the jackal. You headbutt the jackal.
The jackal barely misses you. The jackal bites you. x2
You take 3 damage, and have 25/47 hp.
You miss the jackal. The jackal barely misses you. The jackal bites you.
The jackal barely misses you. The jackal closely misses you.
You take 2 damage, and have 23/47 hp.
You closely miss the jackal. You headbutt the jackal.
You kill the jackal!
The jackal barely misses you. x2
A giant cockroach comes into view.
The giant cockroach moves out of view.
The jackal barely misses you.
You see here a jackal corpse.
You barely miss the jackal. The jackal bites you.
You take 2 damage, and have 21/47 hp.
You hit the jackal. Your headbutt misses the jackal.
The jackal closely misses you.
You punch the jackal!
You kill the jackal!
You hit the jackal but do no damage. Your headbutt misses the jackal.
The jackal closely misses you.
You hit the jackal but do no damage.
You headbutt the jackal, but do no damage.
The jackal barely misses you. The jackal closely misses you.
You barely miss the jackal. The jackal misses you.
You hit the jackal.
You kill the jackal!
You see here a jackal corpse.
You butcher the jackal corpse.
Things that are here:
3 chunks of flesh {@w0}; a jackal skeleton
v - 8 chunks of flesh {@w0} (gained 3)
You are too injured to fight recklessly!
You hit the giant cockroach. The giant cockroach closely misses you.
You barely miss the giant cockroach. The giant cockroach bites you.
You take 1 damage, and have 22/47 hp.
You closely miss the giant cockroach. You headbutt the giant cockroach.
The giant cockroach bites you.
You take 2 damage, and have 20/47 hp.
You are feeling hungry.
You closely miss the giant cockroach. The giant cockroach bites you.
You take 1 damage, and have 19/47 hp.
You hit the giant cockroach but do no damage.
Your headbutt misses the giant cockroach.
The giant cockroach closely misses you.
You closely miss the giant cockroach.
Your headbutt misses the giant cockroach.
The giant cockroach barely misses you.
You hit the giant cockroach.
You kill the giant cockroach!
Menkaure, Prince of Dust comes into view.
Menkaure shouts!
Things that are here:
a giant cockroach corpse; a jackal corpse You see here a jackal skeleton.
You start resting.
Eating one of 8 chunks of flesh {@w0}.
You continue eating. x2
Drink which item? (? for menu, Esc to quit)
Okay, then.
Purgy the Meek comes into view.
Purgy shouts!
You aren't carrying any items that you can evoke.
Aim: Purgy You throw a throwing net {=f, !d}.
The throwing net {=f, !d} hits Purgy.
Purgy is caught in the net!
Purgy struggles against the net.
Purgy struggles against the net.
Purgy struggles against the net.
Purgy struggles against the net.
The net rips apart, and Purgy comes free!
You hit Purgy. Purgy bites you. Purgy claws you. Purgy barely misses you.
You take 7 damage, and have 17/47 hp.
You miss Purgy. Purgy barely misses you. Purgy claws you but does no damage.
Purgy claws you.
You barely miss Purgy. Purgy bites you.
* * * LOW HITPOINT WARNING * * *
Purgy claws you.
* * * LOW HITPOINT WARNING * * *
Purgy claws you but does no damage.
You take 4 damage, and have 13/47 hp.
You barely miss Purgy. Your headbutt misses Purgy. Your punch misses Purgy.
Purgy bites you.
* * * LOW HITPOINT WARNING * * *
Purgy claws you but does no damage. Purgy claws you.
* * * LOW HITPOINT WARNING * * *
You take 4 damage, and have 9/47 hp.
Unknown command.
You hit Purgy. Purgy closely misses you. Purgy claws you.
* * * LOW HITPOINT WARNING * * *
Purgy closely misses you.
You take 2 damage, and have 7/47 hp.
You hit Purgy. Your headbutt misses Purgy. Purgy bites you.
* * * LOW HITPOINT WARNING * * *
Purgy claws you.
* * * LOW HITPOINT WARNING * * *
Purgy barely misses you.
You take 2 damage, and have 5/47 hp.
Read which item? (? for menu, Esc to quit)
As you read the scroll of teleportation, it crumbles to dust.
You feel strangely unstable. Purgy bites you!
You die...

##..............#####.###...#
#..............# #.#
###.##### #..............#
#.# #.#....
#..............#####.##
#.#....
####..#######.........#
#.#.... ###...### #.........#
#.#.... #.......# #.........#
#.#.... #.....#.# #...T.....#
#.#.... #.....#.# #..@......#
#...... ##.....#.#
#<........# ###[...
.......#.# #.........# #....
.........## #.........# #....
##........# #.........# #....
.......#.## #.........# #....
####...#.# #..<......# #....
#_##...#.# ########### ##.##
..###..#.# #.#


You could see Purgy.

Vanquished Creatures
  2 worker ants (D:4)
  An orc wizard (D:4)
  Robin (D:2)
  5 adders
  6 gnolls (D:3)
  An ooze (D:3)
  3 dart slugs
  3 giant geckos
  14 orcs
  2 bats (D:1)
  5 giant cockroaches
  17 goblins
  10 hobgoblins
  4 jackals (D:4)
  2 quokkas
  4 giant newts
  7 kobolds
  7 rats
94 creatures vanquished.

Notes
Turn   | Place    | Note
--------------------------------------------------------------
     0 | D:1      | Chemotherapy the Demonspawn Monk began the quest for the Orb.
     0 | D:1      | Reached XP level 1. HP: 18/18 MP: 1/1
    87 | D:1      | Reached skill level 4 in Unarmed Combat
   107 | D:1      | Gained mutation: You have a pair of small horns on your head. [demonic ancestry]
   107 | D:1      | Reached XP level 2. HP: 24/24 MP: 2/2
   773 | D:1      | Reached XP level 3. HP: 27/29 MP: 3/3
   925 | D:2      | Noticed Robin
   936 | D:2      | Reached skill level 1 in Evocations
  1343 | D:2      | HP: 7/29 [Robin/spear (4)]
  1623 | D:2      | Killed Robin
  1623 | D:2      | Reached XP level 4. HP: 24/35 MP: 5/5
  1934 | D:2      | Reached skill level 2 in Evocations
  2308 | D:3      | Reached skill level 5 in Unarmed Combat
  2313 | D:3      | HP: 12/52 [giant gecko (5)]
  2316 | D:3      | Gained mutation: You have a pair of horns on your head. [demonic ancestry]
  2316 | D:3      | Reached XP level 5. HP: 13/41 MP: 6/6
  2445 | D:3      | HP: 8/41 [orc/whip of electrocution (9)]
  2742 | D:3      | Reached skill level 3 in Evocations
  3520 | D:4      | Found a blossoming altar of Fedhas.
  3583 | D:4      | Reached XP level 6. HP: 34/47 MP: 8/8
  3730 | D:4      | Noticed Menkaure
  3750 | D:4      | Noticed Purgy
  3764 | D:4      | HP: 10/47 [Purgy (3)]
  3780 | D:4      | Slain by Purgy

Skill      XL: |  1  2  3  4  5 |
---------------+----------------+-----
Unarmed Combat | 4 5 |  5.5
Evocations     | 1 2 3 |  3.6
Fighting       | |  3.3
Dodging        | |  2.9
Stealth        | |  1.7

Action                   |  1- 3 |  4- 6 || total
-------------------------+-------+-------++-------
Melee: Unarmed           |   105 |   183 ||   288
       Punch             |     2 |     4 ||     6
       Headbutt          |    18 |    31 ||    49
Throw: Throwing net      |       |     1 ||     1
 Abil: Evoke Berserk Rag |       |     3 ||     3
  Use: Potion            |     2 |     2 ||     4
       Scroll            |       |     5 ||     5
 Stab: Sleeping          |     6 |     5 ||    11
       Distracted        |       |     1 ||     1
  Eat: Chunk             |     2 |     8 ||    10
       Fruit             |       |     2 ||     2
Armor: Leather armour    |    18 |    40 ||    58
       Robe              |     6 |       ||     6
Dodge: Dodged            |    75 |   122 ||   197

Vault maps used:
D:1:      minmay_arrival_loop
D:2:      uniq_robin
D:4:      marbit_many_paths, first_bread, nemelex_xobeh_ov_fountains_minmay,
          uniq_purgy, uniq_menkaure

Table legend:
 A = Turns spent in this place as a percentage of turns spent in the entire game.
 B = Non-inter-level travel turns spent in this place as a percentage of non-inter-level travel turns spent in the entire game.
 C = Inter-level travel turns spent in this place as a percentage of turns spent in this place.
 D = Turns resting spent in this place as a percentage of non-inter-level travel turns spent in this place.
 E = Turns spent auto-exploring this place as a percentage of non-inter-level travel turns spent in this place.
 F = Non-inter-level travel turns spent in this place divided by the number of levels of this place that you've seen.
                   A       B       C       D       E      F
               +-------+-------+-------+-------+-------+----------------------
         Total | 100.0 | 100.0 |   0.5 |   4.0 |   8.9 | 237.5
       Dungeon | 100.0 | 100.0 |   0.5 |   4.0 |   8.9 | 237.5
               +-------+-------+-------+-------+-------+----------------------

Table legend:
 A = Kills in this place as a percentage of kills in entire the game.
 B = Kills by you in this place as a percentage of kills by you in the entire game.
 C = Kills by friends in this place as a percentage of kills by friends in the entire game.
 D = Other kills in this place as a percentage of other kills in the entire game.
 E = Experience gained in this place as a percentage of experience gained in the entire game.
 F = Experience gained in this place divided by the number of levels of this place that you have seen.
                   A       B       C       D       E      F
               +-------+-------+-------+-------+-------+----------------------
         Total | 100.0 | 100.0 |  -nan |  -nan | 100.0 | 110.2
       Dungeon | 100.0 | 100.0 |  -nan |  -nan | 100.0 | 110.2
               +-------+-------+-------+-------+-------+----------------------
